 Dungeon Crawl Stone Soup version 0.29-a0-529-gfa20dd96a1 (webtiles) character file.

Game seed: 2264842438862401069

2356 xian the Destroyer (level 9, -4/68 HPs)
             Began as a Green Draconian Conjurer on June 1, 2022.
             Slain by an eight-headed hydra (11 damage)
             ... on level 7 of the Dungeon.
             The game lasted 00:19:00 (7412 turns).

xian the Destroyer (Green Draconian Conjurer)       Turns: 7412, Time: 00:19:01

Health: -4/68      AC: 14    Str: 12    XL:     9   Next: 20%
Magic:  28/28      EV: 12    Int: 24    God:
Gold:   244        SH:  0    Dex:  9    Spells: 15/22 levels left

rFire   . . .      SeeInvis .   h - +3 spear
rCold   x . .      Faith    .   (no shield)
rNeg    . . .      Spirit   .   (body armour unavailable)
rPois   +          Reflect  .   (helmet restricted)
rElec   .          Harm     .   e - +2 cloak of Good Intentions {rC- Regen+ MP+9 Str+3}
rCorr   .          Rampage  .   (no gloves)
Will    .....                   (no boots)
Stlth   ++........              c - amulet of magic regeneration
HPRegen 1.01/turn               k - ring of flight
MPRegen 0.61/turn               o - +4 ring of protection

@: about to teleport, short of breath, flying, hasted, very quick
A: breathe noxious fumes, AC +7, unfitting armour, poison resistance,
cold-blooded
a: Breathe Noxious Fumes


You were on level 7 of the Dungeon.
You visited 1 branch of the dungeon, and saw 7 of its levels.

You collected 244 gold pieces.

Inventory:

Hand Weapons
 h - a +3 spear (weapon)
 E - a +0 dire flail of protection
Armour
 e - the +2 cloak of Good Intentions (worn) {rC- Regen+ MP+9 Str+3}
   (You acquired it on level 6 of the Dungeon)

   Str:       It affects your strength (+3).
   rC:        It makes you vulnerable to cold.
   MP:        It affects your magic capacity (+9).
   Regen:     It increases your rate of health regeneration.
Jewellery
 c - an amulet of magic regeneration (around neck)
 k - a ring of flight (left hand)
 o - a +4 ring of protection (right hand)
 y - a ring of ice
 C - a ring of fire
Wands
 v - a wand of acid (8)
 B - a wand of paralysis (4)
Scrolls
 b - a scroll of enchant weapon
 f - 3 scrolls of teleportation
 j - a scroll of poison
 l - 3 scrolls of amnesia {unknown}
 q - 3 scrolls of torment {unknown}
 s - 2 scrolls of fear {unknown}
 w - a scroll of fog
 x - 2 scrolls of immolation {unknown}
Potions
 a - 2 potions of magic
 d - 2 potions of invisibility {unknown}
 g - a potion of mutation
 i - a potion of lignification {unknown}
 m - a potion of might {unknown}
 n - a potion of degeneration {unknown}
 p - 2 potions of brilliance {unknown}
 r - 3 potions of haste
 u - a potion of flight {unknown}
 z - a potion of heal wounds {unknown}
 A - a potion of attraction {unknown}
 D - a potion of curing {unknown}


   Skills:
 + Level 2.8 Fighting
 + Level 1.2 Polearms
 + Level 4.0 Dodging
 + Level 3.5 Stealth
 + Level 7.0 Spellcasting
 + Level 8.9 Conjurations


You had 15 spell levels left.
You knew the following spells:

 Your Spells              Type           Power      Damage    Failure   Level
a - Magic Dart            Conj           100%       1d8       1%          1
b - Searing Ray           Conj           100%       2d8       1%          2
c - Iskenderun's Mystic   Conj/Tloc      29%        2d7       12%         4

Your spell library contained the following spells:

 Spells                   Type           Power      Damage    Failure   Level
 Dazzling Flash           Conj/Hex       58%        N/A       3%          3
 Fulminant Prism          Conj/Hex       14%        3d9       12%         4
 Tukima's Dance           Hex            8%         N/A       22%         3
 Passage of Golubria      Tloc           8%         N/A       56%         4
 Yara's Violent Unravell  Hex/Tmut       4%         3d4       89%         5


Dungeon Overview and Level Annotations

Branches:
Dungeon (7/15)
 Temple: D:4-7

Altars:
Kikubaaqudgha
Vehumet

Shops:
D:1 ?   D:4 *   D:5 (


Innate Abilities, Weirdness & Mutations

You can breathe blasts of noxious fumes.
Your lurid green scales are hard. (AC +7)
You cannot fit into any form of body armour.
Your system is resistant to poisons. (rPois)
You are cold-blooded and may be slowed by cold attacks.


Message History

The searing ray hits the hellwing!
The hellwing is lightly wounded.
The hellwing closely misses you. The hellwing hits you.
The searing ray hits the hellwing but does no damage.
The hellwing is lightly wounded.
You finish channelling your searing ray.
The hellwing hits you. The hellwing barely misses you.
As you read the scroll labelled ANE UTYMIELAA, it crumbles to dust.
You feel strangely unstable.
It was a scroll of teleportation.
The hellwing misses you. The hellwing hits you.
Casting: Searing Ray (safe; 1% risk of failure)
Confirm with . or Enter, or press ? or * to list all spells.
Aiming: Searing Ray (safe; 1% risk of failure)
Press: ? - help, Shift-Dir - straight line, f - eight-headed hydra, p - hellwing
Aim: an eight-headed hydra (lightly wounded, 94% to hit)
Okay, then.
Unknown command.
You hit the eight-headed hydra.
The eight-headed hydra is lightly wounded.
The eight-headed hydra bites you. The eight-headed hydra misses you.
The eight-headed hydra bites you but does no damage. x2
The eight-headed hydra closely misses you.
The eight-headed hydra completely misses you.
The eight-headed hydra bites you. x2; The hellwing hits you.
* * * LOW HITPOINT WARNING * * *
The hellwing closely misses you.
Okay, then.
You feel yourself speed up. The eight-headed hydra bites you!
* * * LOW HITPOINT WARNING * * *
The eight-headed hydra misses you.
The eight-headed hydra bites you but does no damage.
The eight-headed hydra misses you.
The eight-headed hydra bites you but does no damage. x2
The eight-headed hydra barely misses you.
The eight-headed hydra bites you but does no damage.
The hellwing misses you. The hellwing completely misses you.
You hit the eight-headed hydra.
The eight-headed hydra is lightly wounded.
The eight-headed hydra bites you!
You die...

#.# ########
##.########......#
#...........####.#
#####..########## #.#
#..........# #.#
#.##..#..#.##########<#
#..#.............>..
#.#4#.##..###.####..
..#@#..#..# #.# ##..
#.##D##.#..# #.# #...
..##.##....###.###...
##...##...#.........
#.#9#.#...#.#.......
###...###..#.#######.
#..#.#..#..........#.
##.#...#.##.#.####....
#...#.#...#...###..<..


You could see an eight-headed hydra, a hellwing (summoned) and a gargoyle.

Vanquished Creatures
  Prince Ribbit (D:5)
  A vampire mosquito (D:6)
  A water moccasin (D:7)
  A black bear (D:5)
  2 ice beasts
  3 ogres
  A centaur (D:6)
  2 phantoms (D:4)
  A bullfrog (D:4)
  A necrophage (D:6)
  2 scorpions
  4 wights (D:6)
  A killer bee (D:6)
  2 howler monkeys
  3 hounds
  Terence (D:3)
  5 iguanas
  Natasha (thrice) (D:2)
  5 orc wizards
  5 adders
  2 white imps
  3 worms
  2 dart slugs
  8 orcs
  7 ball pythons
  6 endoplasms
  3 giant cockroaches
  3 goblins
  8 hobgoblins
  7 kobolds
  3 quokkas
  2 bats (D:3)
  4 frilled lizards
  2 rats
105 creatures vanquished.

Vanquished Creatures (collateral kills)
  A white imp (D:5)
1 creature vanquished.

Grand Total: 106 creatures vanquished

Notes
Turn   | Place    | Note
-------+----------+-------------------------------------------
     0 | D:1      | xian the Draconian Conjurer began the quest for the Orb.
     0 | D:1      | Reached XP level 1. HP: 14/14 MP: 3/3
   557 | D:1      | Found a faded altar of an unknown god.
   570 | D:1      | Reached XP level 2. HP: 20/20 MP: 1/5
   599 | D:1      | Found Giomn's Magic Scroll Boutique.
   971 | D:1      | Learned a level 2 spell: Searing Ray
  1156 | D:2      | Reached XP level 3. HP: 18/26 MP: 0/6
  1495 | D:2      | Noticed Natasha
  1499 | D:2      | Killed Natasha
  1500 | D:2      | Reached skill level 5 in Conjurations
  1541 | D:2      | Reached XP level 4. HP: 33/33 MP: 4/7
  1587 | D:2      | Noticed Natasha
  1592 | D:2      | Killed Natasha
  1696 | D:2      | Noticed Natasha
  1700 | D:2      | Killed Natasha
  1785 | D:3      | Noticed Terence
  1873 | D:3      | Killed Terence
  1874 | D:3      | Reached XP level 5. HP: 30/38 MP: 3/9
  1986 | D:3      | Identified the +5 hunting sling of Lies {vorpal, Stlth+}
  2258 | D:3      | Found a radiant altar of Vehumet.
  2603 | D:4      | Reached skill level 1 in Fighting
  2671 | D:4      | Found Sufau's General Store.
  2718 | D:4      | Reached skill level 6 in Conjurations
  3031 | D:4      | Reached XP level 6. HP: 30/47 MP: 3/11
  3855 | D:5      | Entered Level 5 of the Dungeon
  3872 | D:5      | Noticed an ice beast
  3884 | D:5      | Killed an ice beast
  3885 | D:5      | Your scales start taking on a lurid green colour.
  3885 | D:5      | Reached XP level 7. HP: 27/53 MP: 4/13
  3885 | D:5      | Gained mutation: Your system is resistant to poisons.
                  | (rPois) [Green Draconian growth]
  4143 | D:5      | Reached skill level 7 in Conjurations
  4371 | D:5      | Found an ancient bone altar of Kikubaaqudgha.
  4377 | D:5      | Learned a level 4 spell: Iskenderun's Mystic Blast
  4427 | D:5      | Found Gyzuoc's Weapon Boutique.
  4650 | D:5      | Reached skill level 5 in Spellcasting
  4984 | D:5      | Noticed Prince Ribbit
  4996 | D:5      | Killed Prince Ribbit
  4997 | D:5      | Reached XP level 8. HP: 61/61 MP: 10/16
  5736 | D:5      | Reached skill level 8 in Conjurations
  6137 | D:6      | Reached skill level 1 in Polearms
  6565 | D:6      | Identified a scroll of acquirement
  6567 | D:6      | Acquired the +2 cloak of Good Intentions {rC- Regen+ MP+9
                  | Str+3}
  7214 | D:6      | Reached XP level 9. HP: 68/68 MP: 19/19
  7389 | D:7      | Noticed a kobold demonologist
  7391 | D:7      | Noticed an eight-headed hydra
  7394 | D:7      | Noticed a hellwing
  7394 | D:7      | Noticed a gargoyle
  7412 | D:7      | Slain by an eight-headed hydra

Illustrated notes

Levels and vault maps discovered:
D:1:      lightli_arrival_farm, layout_loops_cross,
          shapermc_ecumenical_altar_venn, serial_shops, nicolae_square_shop,
          nrook_uturn, patterned_corridor
D:2:      layout_basic, uniq_jessica, uniq_natasha
D:3:      layout_loops_ring, general_overflow_altar, uniq_terence
D:4:      minmay_skewed_foursquare, layout_basic, serial_shops, shop
D:5:      layout_layer_cave, mainiacjoe_overflow_small_starburst, serial_shops,
          nicolae_shop_bloodbath_and_beyond, uniq_prince_ribbit1
D:6:      kennysheep_big_flooded_room, layout_basic, grunt_ministairs_15
D:7:      minmay_the_grid_four_pointed_star
          [minmay_the_grid_triangle_9x9_stretched_checkered,
          minmay_the_grid_triangle_9x9_fully_insulated_deathbox,
          minmay_the_grid_triangle_9x9_tough_junction,
          minmay_the_grid_triangle_9x9_zippers_vertical,
          minmay_the_grid_prize_inner_circle], layout_loops_ring,
          nicolae_qazlal_style_of_elements, minmay_temple_entry_hall

Skill      XL: |  1  2  3  4  5  6  7  8  9 |
---------------+----------------------------+-----
Dodging        | 2 3 4 |  4.0
Stealth        | 2 3 |  3.5
Conjurations   | 5 6 7 8 |  8.9
Fighting       | 1 2 |  2.8
Spellcasting   | 3 4 5 6 7 |  7.0
Polearms       | 1 |  1.2

Action                   |  1- 3 |  4- 6 |  7- 9 || total
-------------------------+-------+-------+-------++-------
Melee: Spear             |       |     6 |     8 ||    14
       Tailslap          |       |       |     1 ||     1
 Cast: Magic Dart        |    53 |    79 |    96 ||   228
       Searing Ray       |     1 |    14 |    31 ||    46
 Abil: Breathe Noxious F |       |       |     7 ||     7
  Use: Scroll            |       |       |    10 ||    10
       Potion            |       |       |     1 ||     1
Armor: Skin              |     2 |    13 |    46 ||    61
Dodge: Dodged            |     5 |    20 |    86 ||   111

Table legend: (Time is in decaauts)
 A = Elapsed time spent in this place.
 B = Non-inter-level travel time spent in this place.
 C = Inter-level travel time spent in this place.
 D = Time resting spent in this place.
 E = Time spent auto-exploring this place.
 F = Levels seen in this place.
 G = Mean time per level.
                   A        B        C        D        E       F      G
               +--------+--------+--------+--------+--------+-----+--------+
         Total |   7437 |   7252 |    185 |    100 |   6312 |   7 | 1062.4 |
       Dungeon |   7437 |   7252 |    185 |    100 |   6312 |   7 | 1062.4 |
               +--------+--------+--------+--------+--------+-----+--------+

Top non-repeatable levels by time:
     D:5: 1920 daAuts
     D:6: 1506 daAuts
     D:4: 1245 daAuts
     D:1: 991 daAuts
     D:3: 845 daAuts
     D:2: 797 daAuts
     D:7: 130 daAuts
